TOP OF THE 1ST |
New York Yankees batting - Pitching for New York Mets : LHP Zachary DeVault
|
Pitching: LHP Zachary DeVault
|
|
Batting: LHB Jason Peck
|
0-0: Called Strike 0-1: Ball 1-1: Foul Ball, location: 2F 1-2: Strikes out looking
|
Batting: LHB Evan Torraville
|
0-0: Foul Ball, location: 2F 0-1: SOLO HOME RUN (Flyball, 7LD, EV 95.6 MPH), Distance : 350 ft
|
Batting: SHB Bartholomeu Chambino
|
0-0: Ball 1-0: Ball 2-0: Foul Ball, location: 2F 2-1: Foul Ball, location: 2F 2-2: Foul Ball, location: 2F 2-2: Fly out, F3 (Popup, 3SF, EV 73.1 MPH)
|
Batting: RHB C.J. Richerson
|
0-0: Ball 1-0: Ground out 6-3 (Groundball, 6, EV 86.3 MPH)
|
Top of the 1st over - 1 run, 1 hit, 0 errors, 0 left on base; New York 1 - New York 0 |
BOTTOM OF THE 1ST |
New York Mets batting - Pitching for New York Yankees : LHP David Ibarra
|
Pitching: LHP David Ibarra
|
|
Batting: SHB Scott Scott
|
0-0: Ball 1-0: Foul Ball, location: 2F 1-1: Ball 2-1: Ball 3-1: Base on Balls
|
Batting: SHB Sean Cook
|
0-0: Ball 1-0: Swinging Strike 1-1: Foul Ball, location: 2F 1-2: Ball 2-2: Ball 3-2: Foul Ball, location: 2F 3-2: Base on Balls Scott Scott to second
|
Batting: SHB Jonathan Jenkins
|
0-0: Called Strike 0-1: Ball 1-1: Ball 2-1: Foul Ball, location: 2F 2-2: Ball 3-2: SINGLE (Groundball, 34D, EV 100.0 MPH) Scott Scott to third Sean Cook to second Runner from 3rd tries for Home, SAFE, throw by RF to home
|
Batting: SHB Lewis Thorpe Jr.
|
0-0: Foul Ball, location: 2F 0-1: 3-RUN HOME RUN (Line Drive, 9LD, EV 99.4 MPH), Distance : 365 ft
|
Batting: SHB Gus Berry
|
0-0: Foul Ball, location: 2F 0-1: Foul Ball, location: 2F 0-2: Ground out 6-3 (Groundball, 56, EV 90.6 MPH)
|
Batting: SHB Nelle van den Berg
|
0-0: SOLO HOME RUN (Flyball, 78XD, EV 99.4 MPH), Distance : 401 ft
|
Batting: SHB Javy Rosa
|
0-0: SINGLE (Groundball, 25, EV 67.5 MPH) (infield hit)
|
Batting: SHB Harry Hoop
|
0-0: Grounds into double play, 5-4-3 (Groundball, 56, EV 80.0 MPH)
|
Bottom of the 1st over - 5 runs, 4 hits, 0 errors, 0 left on base; New York 1 - New York 5 |
TOP OF THE 2ND |
New York Yankees batting - Pitching for New York Mets : LHP Zachary DeVault
|
Batting: RHB Geni Prawiranega
|
0-0: Called Strike 0-1: Ball 1-1: Swinging Strike 1-2: Foul Ball, location: 2F 1-2: Ball 2-2: SINGLE (Groundball, 6MS, EV 78.1 MPH) (infield hit)
|
Batting: RHB Kai Bellow
|
0-0: Foul Ball, location: 2F 0-1: Called Strike 0-2: Foul Ball, location: 2F 0-2: Ball 1-2: Strikes out swinging
|
Batting: LHB Jordan de Jesus
|
0-0: Ball 1-0: Called Strike 1-1: Foul Ball, location: 2F 1-2: SINGLE (Groundball, 4MS, EV 71.9 MPH) (infield hit) Geni Prawiranega to second
|
Batting: LHB David Bramble
|
0-0: Called Strike 0-1: Fly out, F6 (Popup, 6M, EV 61.9 MPH)
|
Batting: LHB Yao-pang Tien
|
0-0: Foul Ball, location: 2F 0-1: Ground out U3 (Groundball, 3, EV 93.8 MPH)
|
Top of the 2nd over - 0 runs, 2 hits, 0 errors, 2 left on base; New York 1 - New York 5 |
BOTTOM OF THE 2ND |
New York Mets batting - Pitching for New York Yankees : LHP David Ibarra
|
Batting: RHB Melchor Sovrivilla
|
0-0: Called Strike 0-1: Ball 1-1: Ground out 1-3 (Groundball, 34S, EV 61.3 MPH)
|
Batting: SHB Scott Scott
|
0-0: Ball 1-0: Swinging Strike 1-1: Ball 2-1: Foul Ball, location: 2F 2-2: Ball 3-2: Ground out 4-3 (Groundball, 4, EV 91.3 MPH)
|
Batting: SHB Sean Cook
|
0-0: Ball 1-0: Called Strike 1-1: Ball 2-1: Ground out 6-3 (Groundball, 6, EV 105.0 MPH)
|
Bottom of the 2nd over - 0 runs, 0 hits, 0 errors, 0 left on base; New York 1 - New York 5 |
TOP OF THE 3RD |
New York Yankees batting - Pitching for New York Mets : LHP Zachary DeVault
|
Batting: LHB Jason Peck
|
0-0: Called Strike 0-1: SINGLE (Groundball, 34D, EV 93.8 MPH)
|
Batting: LHB Evan Torraville
|
0-0: Ball Jason Peck steals 2nd base (no throw) 1-0: SINGLE (Groundball, 25, EV 63.1 MPH) (infield hit) Jason Peck to third
|
Batting: SHB Bartholomeu Chambino
|
0-0: Called Strike Evan Torraville steals 2nd base 0-1: Foul Ball, location: 2F 0-2: Ball 1-2: Ball 2-2: Ball 3-2: Base on Balls
|
Batting: RHB C.J. Richerson
|
0-0: Ball 1-0: Called Strike 1-1: Ball 2-1: Foul Ball, location: 2F 2-2: Fly out, F9 (Flyball, 9LS, EV 82.5 MPH)
|
Batting: RHB Geni Prawiranega
|
0-0: Ball 1-0: Swinging Strike 1-1: Foul Ball, location: 2F 1-2: Foul Ball, location: 2F 1-2: Ball 2-2: Foul Ball, location: 2F 2-2: Foul Ball, location: 2F 2-2: Grounds into double play, 6-4-3 (Groundball, 6MD, EV 100.0 MPH)
|
Top of the 3rd over - 0 runs, 2 hits, 0 errors, 2 left on base; New York 1 - New York 5 |
BOTTOM OF THE 3RD |
New York Mets batting - Pitching for New York Yankees : LHP David Ibarra
|
Batting: SHB Jonathan Jenkins
|
0-0: Called Strike 0-1: Foul Ball, location: 2F 0-2: Ground out U3 (Groundball, 34S, EV 81.9 MPH)
|
Batting: SHB Lewis Thorpe Jr.
|
0-0: Foul Ball, location: 2F 0-1: SINGLE (Flyball, 89S, EV 97.5 MPH)
|
Batting: SHB Gus Berry
|
0-0: Ball 1-0: Ball 2-0: Foul Ball, location: 2F 2-1: Foul Ball, location: 2F 2-2: Ball 3-2: Base on Balls Lewis Thorpe Jr. to second
|
Pitching: LHP Nate Ciccarelli
|
|
Batting: SHB Nelle van den Berg
|
0-0: Fly out, F2 (Popup, 23F, EV 87.5 MPH)
|
Batting: SHB Javy Rosa
|
0-0: DOUBLE (Line Drive, 78M, EV 89.4 MPH) Lewis Thorpe Jr. scores Gus Berry to third Runner from 3rd tries for Home, throw by CF and OUT! 8-6-2
|
Bottom of the 3rd over - 1 run, 2 hits, 0 errors, 1 left on base; New York 1 - New York 6 |
TOP OF THE 4TH |
New York Yankees batting - Pitching for New York Mets : LHP Zachary DeVault
|
Batting: RHB Kai Bellow
|
0-0: Foul Ball, location: 2F 0-1: DOUBLE (Line Drive, 9LM, EV 111.3 MPH)
|
Batting: LHB Jordan de Jesus
|
0-0: Called Strike 0-1: SINGLE (Line Drive, 6D, EV 94.4 MPH) Kai Bellow to third
|
Batting: LHB David Bramble
|
0-0: Swinging Strike 0-1: Ball 1-1: Foul Ball, location: 2F 1-2: Foul Ball, location: 2F 1-2: Grounds into double play, 6-4-3 (Groundball, 6M, EV 96.9 MPH) Kai Bellow scores
|
Batting: LHB Yao-pang Tien
|
0-0: Fly out, F4 (Line Drive, 4, EV 73.1 MPH)
|
Top of the 4th over - 1 run, 2 hits, 0 errors, 0 left on base; New York 2 - New York 6 |
BOTTOM OF THE 4TH |
New York Mets batting - Pitching for New York Yankees : LHP Nate Ciccarelli
|
Batting: SHB Harry Hoop
|
0-0: Ball 1-0: Fly out, F7 (Line Drive, 7, EV 87.5 MPH)
|
Batting: RHB Melchor Sovrivilla
|
0-0: Ball 1-0: Ball 2-0: Ball 3-0: Base on Balls
|
Batting: SHB Scott Scott
|
0-0: Called Strike 0-1: Ball 1-1: Grounds into double play, 4-6-3 (Groundball, 34, EV 87.5 MPH)
|
Bottom of the 4th over - 0 runs, 0 hits, 0 errors, 0 left on base; New York 2 - New York 6 |
TOP OF THE 5TH |
New York Yankees batting - Pitching for New York Mets : LHP Zachary DeVault
|
Batting: LHB Jason Peck
|
0-0: Called Strike 0-1: Foul Ball, location: 2F 0-2: Ball 1-2: Fly out, F5 (Popup, 56S, EV 78.1 MPH)
|
Batting: LHB Evan Torraville
|
0-0: Called Strike 0-1: Ball 1-1: Foul Ball, location: 2F 1-2: Ball 2-2: Foul Ball, location: 2F 2-2: Ball 3-2: Fly out, F6 (Popup, 6M, EV 68.1 MPH)
|
Batting: SHB Bartholomeu Chambino
|
0-0: Called Strike 0-1: Ball 1-1: Ball 2-1: Foul Ball, location: 2F 2-2: Ball 3-2: Foul Ball, location: 2F 3-2: Foul Ball, location: 2F 3-2: Foul Ball, location: 2F 3-2: Base on Balls
|
Batting: RHB C.J. Richerson
|
0-0: Called Strike 0-1: Ball 1-1: DOUBLE (Flyball, 8LXD, EV 103.8 MPH) Bartholomeu Chambino to third Runner from 3rd tries for Home, SAFE, no throw by CF
|
Batting: RHB Geni Prawiranega
|
0-0: Called Strike 0-1: Called Strike 0-2: DOUBLE (Line Drive, 9D, EV 88.1 MPH) C.J. Richerson scores
|
Batting: RHB Kai Bellow
|
0-0: Swinging Strike 0-1: Ball 1-1: Ball 2-1: Ball 3-1: Base on Balls
|
Batting: LHB Jordan de Jesus
|
0-0: Fielders Choice at 2nd, 6-4 (Groundball, 6, EV 88.8 MPH)
|
Top of the 5th over - 2 runs, 2 hits, 0 errors, 2 left on base; New York 4 - New York 6 |
BOTTOM OF THE 5TH |
New York Mets batting - Pitching for New York Yankees : LHP Nate Ciccarelli
|
Batting: SHB Sean Cook
|
0-0: Ball 1-0: Foul Ball, location: 2F 1-1: Ball 2-1: Ball 3-1: Base on Balls
|
Batting: SHB Jonathan Jenkins
|
0-0: Called Strike 0-1: Grounds into double play, 3-6-3 (Groundball, 34, EV 96.9 MPH)
|
Batting: SHB Lewis Thorpe Jr.
|
0-0: Ball 1-0: Ball 2-0: SINGLE (Line Drive, 34D, EV 106.9 MPH)
|
Batting: SHB Gus Berry
|
Pickoff Throw to First - Error! E1 Lewis Thorpe Jr. to second 0-0: Ball 1-0: Swinging Strike 1-1: Called Strike 1-2: Strikes out swinging
|
Bottom of the 5th over - 0 runs, 1 hit, 1 error, 1 left on base; New York 4 - New York 6 |
TOP OF THE 6TH |
New York Yankees batting - Pitching for New York Mets : LHP Zachary DeVault
|
Batting: LHB David Bramble
|
0-0: Swinging Strike 0-1: Ball 1-1: Foul Ball, location: 2F 1-2: DOUBLE (Flyball, 89D, EV 93.8 MPH)
|
Batting: LHB Yao-pang Tien
|
0-0: Ball 1-0: Fly out, F9 (Line Drive, 9, EV 109.4 MPH)
|
Batting: LHB Jason Peck
|
0-0: Called Strike 0-1: Ball 1-1: Foul Ball, location: 2F 1-2: Fly out, F7 (Flyball, 7LS, EV 95.0 MPH)
|
Batting: LHB Evan Torraville
|
0-0: Fly out, F8 (Flyball, 8LS, EV 88.8 MPH)
|
Top of the 6th over - 0 runs, 1 hit, 0 errors, 1 left on base; New York 4 - New York 6 |
BOTTOM OF THE 6TH |
New York Mets batting - Pitching for New York Yankees : LHP Nate Ciccarelli
|
Batting: SHB Nelle van den Berg
|
0-0: Ball 1-0: Called Strike 1-1: Foul Ball, location: 2F 1-2: Ground out 5-3 (Groundball, 5L, EV 83.8 MPH)
|
Batting: SHB Javy Rosa
|
0-0: Ball 1-0: Swinging Strike 1-1: Foul Ball, location: 2F 1-2: Ball 2-2: Ground out 6-3 (Groundball, P, EV 80.0 MPH)
|
Batting: SHB Harry Hoop
|
0-0: Swinging Strike 0-1: Called Strike 0-2: Ball 1-2: Ground out 3-1 (Groundball, 34S, EV 77.5 MPH)
|
Bottom of the 6th over - 0 runs, 0 hits, 0 errors, 0 left on base; New York 4 - New York 6 |
TOP OF THE 7TH |
New York Yankees batting - Pitching for New York Mets : LHP Zachary DeVault
|
Pitching: RHP Justin Howard
|
|
Batting: SHB Bartholomeu Chambino
|
0-0: Ball 1-0: Ground out 5-3 (Groundball, 15, EV 91.9 MPH)
|
Batting: RHB C.J. Richerson
|
0-0: Ball 1-0: Ball 2-0: Called Strike 2-1: Ball 3-1: Fly out, F9 (Flyball, 9D, EV 100.6 MPH)
|
Batting: RHB Geni Prawiranega
|
0-0: Swinging Strike 0-1: Ball 1-1: Ground out 5-3 (Groundball, 56S, EV 91.3 MPH)
|
Top of the 7th over - 0 runs, 0 hits, 0 errors, 0 left on base; New York 4 - New York 6 |
BOTTOM OF THE 7TH |
New York Mets batting - Pitching for New York Yankees : LHP Nate Ciccarelli
|
Pitching: RHP Jose Tavira
|
|
Batting: RHB Melchor Sovrivilla
|
0-0: Called Strike 0-1: Called Strike 0-2: Ball 1-2: DOUBLE (Flyball, 8RXD, EV 104.4 MPH)
|
Batting: SHB Scott Scott
|
0-0: Called Strike 0-1: Foul Ball, location: 2F 0-2: Strikes out swinging
|
Batting: SHB Sean Cook
|
0-0: Foul Ball, location: 2F 0-1: Ball 1-1: Ball 2-1: Ground out 6-3 (Groundball, 6, EV 109.4 MPH)
|
Batting: SHB Jonathan Jenkins
|
0-0: Swinging Strike 0-1: Called Strike 0-2: Strikes out looking
|
Bottom of the 7th over - 0 runs, 1 hit, 0 errors, 1 left on base; New York 4 - New York 6 |
TOP OF THE 8TH |
New York Yankees batting - Pitching for New York Mets : RHP Justin Howard
|
Batting: RHB Kai Bellow
|
0-0: Called Strike 0-1: Fly out, F8 (Line Drive, 8RD, EV 93.8 MPH)
|
Batting: LHB Jordan de Jesus
|
0-0: Ball 1-0: Ball 2-0: Called Strike 2-1: Swinging Strike 2-2: Strikes out swinging
|
Batting: LHB David Bramble
|
0-0: Fly out, F9 (Flyball, 89M, EV 80.6 MPH)
|
Top of the 8th over - 0 runs, 0 hits, 0 errors, 0 left on base; New York 4 - New York 6 |
BOTTOM OF THE 8TH |
New York Mets batting - Pitching for New York Yankees : RHP Jose Tavira
|
Batting: SHB Lewis Thorpe Jr.
|
0-0: Called Strike 0-1: Ball 1-1: Foul Ball, location: 2F 1-2: Foul Ball, location: 2F 1-2: Ball 2-2: Ball 3-2: Foul Ball, location: 2F 3-2: Ground out 6-3 (Groundball, 56D, EV 99.4 MPH)
|
Batting: SHB Gus Berry
|
0-0: Called Strike 0-1: Called Strike 0-2: Ball 1-2: Ball 2-2: Foul Ball, location: 2F 2-2: Foul Ball, location: 2F 2-2: Foul Ball, location: 2F 2-2: Ball 3-2: Strikes out swinging
|
Batting: SHB Nelle van den Berg
|
0-0: Foul Ball, location: 2F 0-1: Called Strike 0-2: Ball 1-2: Ground out 4-3 (Groundball, 4, EV 90.0 MPH)
|
Bottom of the 8th over - 0 runs, 0 hits, 0 errors, 0 left on base; New York 4 - New York 6 |
TOP OF THE 9TH |
New York Yankees batting - Pitching for New York Mets : RHP Justin Howard
|
Pitching: LHP Sam Schrecengost
|
|
Now at C: Scott Bartholomew
|
|
Now in RF: Timo Gomez
|
|
Batting: LHB Yao-pang Tien
|
0-0: Called Strike 0-1: Foul Ball, location: 2F 0-2: Ball 1-2: Foul Ball, location: 2F 1-2: Strikes out swinging, 2-3 out at first.
|
Pinch Hitting: RHB Sam Saunders
|
0-0: Called Strike 0-1: Ball 1-1: SINGLE (Line Drive, 8LS, EV 106.3 MPH)
|
Batting: LHB Evan Torraville
|
0-0: Ball 1-0: Foul Ball, location: 2F 1-1: Ball 2-1: Foul Ball, location: 2F 2-2: Foul Ball, location: 2F 2-2: Foul Ball, location: 2F 2-2: Ball 3-2: Fly out, F7 (Flyball, 7S, EV 83.8 MPH)
|
Batting: SHB Bartholomeu Chambino
|
0-0: Ball 1-0: Swinging Strike 1-1: Ball Passed Ball! Sam Saunders to second 2-1: Swinging Strike 2-2: Ball 3-2: Foul Ball, location: 2F 3-2: Ground out 1-3 (Groundball, 13S, EV 73.1 MPH)
|
Top of the 9th over - 0 runs, 1 hit, 0 errors, 1 left on base; New York 4 - New York 6 |
|